 Dungeon Crawl Stone Soup version 0.31-a0-358-gac0dbeb3ab (webtiles) character file.

Game seed: 10121018026592767216

2077 mopl the Tainter (level 9, -12/62 HPs)
             Began as a Formicid Venom Mage on July 25, 2023.
             Was an Initiate of Cheibriados.
             Mangled by a two-headed ogre
             ... wielding a +0 giant club
              (21 damage)
             ... on level 7 of the Dungeon.
             The game lasted 00:06:13 (4069 turns).

mopl the Tainter (Formicid Venom Mage)              Turns: 4069, Time: 00:06:13

Health: -12/62     AC:  6    Str: 14    XL:     9   Next: 51%
Magic:  3/13       EV: 12    Int: 18    God:    Cheibriados [......]
Gold:   125        SH:  5    Dex: 17    Spells: 9/14 levels left

rFire   . . .        k - +2 dagger (venom)
rCold   + . .        v - +0 buckler
rNeg    . . .        q - +2 robe {rC+}
rPois   .            (helmet unavailable)
rElec   .            j - +0 cloak
rCorr   +            l - +0 pair of gloves
SInv    +            (no boots)
Will    .....        d - amulet of regeneration
Stlth   ++           x - ring of resist corrosion
HPRegen 1.10/turn    (no ring)
MPRegen 0.13/turn

%: no passive effects
@: studying Earth Magic, very slow
A: permanent stasis, dig shafts and tunnels, antennae 3, four strong arms
a: Dig, Shaft Self, Renounce Religion


You were on level 7 of the Dungeon.
You worshipped Cheibriados.
Cheibriados was noncommittal.
You visited 2 branches of the dungeon, and saw 8 of its levels.

You collected 125 gold pieces.

Inventory:

Hand Weapons
 k - a +2 dagger of venom (weapon)
 r - a +0 war axe
Missiles
 m - 14 poisoned darts
 u - a boomerang
Armour
 h - a +0 chain mail
 j - a +0 cloak (worn)
 l - a +0 pair of gloves (worn)
 q - a +2 robe of cold resistance (worn)
 v - a +0 buckler (worn)
Jewellery
 d - an amulet of regeneration (around neck)
 x - a ring of resist corrosion (left hand)
Wands
 B - a wand of polymorph (8)
Scrolls
 c - 2 scrolls of poison {unknown}
 e - 4 scrolls of identify {unknown}
 f - 5 scrolls of teleportation {unknown}
 g - a scroll of immolation {unknown}
 i - 2 scrolls of revelation {unknown}
 n - 2 scrolls of blinking {unknown}
 p - a scroll of amnesia {unknown}
 t - 3 scrolls of fog {unknown}
 w - a scroll of brand weapon {unknown}
 y - a scroll of torment {unknown}
Potions
 a - a potion of attraction {unknown}
 b - a potion of magic
 o - 2 potions of cancellation {unknown}
 s - 2 potions of mutation {unknown}
 z - a potion of curing {unknown}
 A - a potion of enlightenment {unknown}


   Skills:
 + Level 2.4 Fighting
 + Level 0.0 Axes
 + Level 2.3 Armour
 + Level 2.8 Dodging
 - Level 2.4 Stealth
 + Level 2.9 Shields
 - Level 3.0 Spellcasting
 - Level 1.1 Transmutations
 + Level 13.9 Poison Magic
 + Level 2.0 Invocations


You had 9 spell levels left.
You knew the following spells:

 Your Spells              Type           Power      Damage    Failure   Level
a - Sting                 Tmut/Pois      100%       1d8       1%          1
o - Olgreb's Toxic Radia  Pois           52%        N/A       1%          4

Your spell library contained the following spells:

 Spells                   Type           Power      Damage    Failure   Level
 Poisonous Vapours        Pois/Air       54%        N/A       1%          2
 Mephitic Cloud           Conj/Pois/Air  19%        N/A       10%         3
 Static Discharge         Conj/Air       4%         2-3/arc   32%         2
 Airstrike                Air            1%         2d(1-17)  91%         4
 Summon Lightning Spire   Summ/Air       2%         N/A       91%         4


Dungeon Overview and Level Annotations

Branches:
Dungeon (7/15)             Temple (1/1) D:6

Altars:
Cheibriados
Dithmenos
Elyvilon
Fedhas
Gozag
Hepliaklqana
Kikubaaqudgha
Makhleb
Nemelex Xobeh
Okawaru
Qazlal
Ru
Sif Muna
Trog
Uskayaw
Vehumet
Wu Jian
Xom
Yredelemnul
The Shining One


Innate Abilities, Weirdness & Mutations

You cannot be hasted, slowed, berserked, paralysed or teleported.
You can dig through walls and to a lower floor.
You have a pair of large antennae on your head. (SInv)
Your four strong arms can wield two-handed weapons with a shield.


Message History

Unknown command.
A two-headed ogre comes into view.
It is wielding a +0 giant club and a +0 giant spiked club.
Your toxic radiance grows in intensity.
You kill the killer bee!
Cheibriados thoroughly appreciates the change of pace.
The two-headed ogre shouts in stereo!
The two-headed ogre is poisoned.
You hear an angry hiss.
Your Invocations skill increases to level 2!
Okay, then.
Unknown command.
You hit the two-headed ogre but do no damage.
The two-headed ogre looks even sicker.
The two-headed ogre is moderately wounded.
The two-headed ogre looks as sick as possible!
The two-headed ogre hits you with a +0 giant club!
The two-headed ogre closely misses you.
You hit the two-headed ogre.
The two-headed ogre is moderately wounded.
The two-headed ogre looks as sick as possible!
Your toxic aura wanes.
You hit the two-headed ogre.
The two-headed ogre looks as sick as possible!
The two-headed ogre is heavily wounded.
The two-headed ogre hits you with a +0 giant club!
The two-headed ogre hits you with a +0 giant spiked club!!
* * * LOW HITPOINT WARNING * * *
You are too injured to fight recklessly!
You are too injured to fight recklessly!
You hit the two-headed ogre but do no damage.
The two-headed ogre looks as sick as possible!
The two-headed ogre is heavily wounded.
The two-headed ogre hits you with a +0 giant club.
* * * LOW HITPOINT WARNING * * *
The two-headed ogre closely misses you.
You hit the two-headed ogre.
The two-headed ogre looks as sick as possible!
The two-headed ogre is heavily wounded.
The two-headed ogre hits you with a +0 giant club!!
You die...

#.#.#.####.#.#
#.#.#.#.)..#.#
#####.#.#.#.####.##
..................#
.####.#.#########.#
#.###..#...........#
#.#..........#####.#
# #.###.######.# #.#
#.#.#...@.# # #.#
#.#.#.#O#.# #.#
,#.......#.# #.#
...###.#.#.#.# #.#
..†..†...###.# #.#
######.##...... #.#
,... ....## #.# ####
.#### #.# { .#
#.####


You could see a two-headed ogre (extremely poisoned).

Vanquished Creatures
  Sigmund (D:3)
  3 black bears
  4 ogres
  A centaur (D:5)
  A kobold brigand (D:6)
  A phantom (D:4)
  A bullfrog (D:6)
  2 scorpions
  5 killer bees (D:7)
  2 orc priests
  2 hounds
  4 iguanas
  4 sleepcaps (D:5)
  Terence (D:3)
  4 orc wizards
  4 gnolls (D:3)
  14 adders
  An ufetubus (D:5)
  A worm (D:2)
  A dart slug (D:1)
  11 orcs
  4 ball pythons
  2 endoplasms
  2 giant cockroaches (D:1)
  3 goblins
  2 hobgoblins
  3 quokkas
  2 bats
  A frilled lizard (D:3)
  9 kobolds
96 creatures vanquished.

Notes
Turn   | Place    | Note
-------+----------+-------------------------------------------
     0 | D:1      | mopl the Formicid Venom Mage began the quest for the Orb.
     0 | D:1      | Reached XP level 1. HP: 13/13 MP: 3/3
   163 | D:1      | Reached XP level 2. HP: 19/19 MP: 1/5
   684 | D:2      | Reached XP level 3. HP: 24/24 MP: 7/7
   732 | D:2      | Reached skill level 3 in Spellcasting
   732 | D:2      | Reached skill level 5 in Poison Magic
   902 | D:2      | Found a faded altar of an unknown god.
  1141 | D:3      | Reached XP level 4. HP: 29/30 MP: 5/8
  1146 | D:3      | Learned a level 4 spell: Olgreb's Toxic Radiance
  1147 | D:3      | Found an ancient bone altar of Kikubaaqudgha.
  1162 | D:3      | Found a blossoming altar of Fedhas.
  1280 | D:3      | Noticed Terence
  1288 | D:3      | Killed Terence
  1289 | D:3      | Reached skill level 6 in Poison Magic
  1330 | D:3      | Found a hide-covered altar of Uskayaw.
  1330 | D:3      | Found an ornate altar of the Wu Jian Council.
  1369 | D:3      | Reached XP level 5. HP: 35/35 MP: 9/9
  1424 | D:3      | Noticed Sigmund
  1441 | D:3      | Killed Sigmund
  1442 | D:3      | Reached skill level 8 in Poison Magic
  1442 | D:3      | Reached XP level 6. HP: 36/41 MP: 2/10
  1492 | D:3      | Reached skill level 9 in Poison Magic
  1508 | D:3      | Reached XP level 7. HP: 46/46 MP: 2/11
  1878 | D:4      | Reached skill level 10 in Poison Magic
  2019 | D:4      | Found a burning altar of Makhleb.
  2019 | D:4      | Noticed a green death
  2022 | D:4      | Noticed a smoke demon
  2022 | D:4      | Noticed a ynoxinul
  2219 | D:5      | Entered Level 5 of the Dungeon
  2420 | D:5      | Reached skill level 11 in Poison Magic
  2420 | D:5      | Reached XP level 8. HP: 29/52 MP: 4/12
  2805 | D:5      | Reached skill level 12 in Poison Magic
  2896 | D:5      | Found a sparkling altar of Nemelex Xobeh.
  2994 | D:5      | Reached skill level 13 in Poison Magic
  3316 | D:6      | Reached skill level 2 in Dodging
  3316 | D:6      | Reached XP level 9. HP: 58/58 MP: 9/13
  3341 | D:6      | Reached skill level 1 in Fighting
  3341 | D:6      | Reached skill level 1 in Armour
  3341 | D:6      | Reached skill level 1 in Shields
  3420 | D:6      | Found a staircase to the Ecumenical Temple.
  3426 | Temple   | Entered the Ecumenical Temple
  3440 | Temple   | Became a worshipper of Cheibriados the Contemplative
  3620 | D:6      | HP: 2/59 [ogre/+0 giant club (16)]
  3623 | D:6      | Reached skill level 2 in Shields
  3623 | D:6      | Reached skill level 1 in Invocations
  4030 | D:7      | Reached skill level 2 in Fighting
  4030 | D:7      | Reached skill level 2 in Armour
  4059 | D:7      | Noticed a two-headed ogre
  4061 | D:7      | Reached skill level 2 in Invocations
  4069 | D:7      | Mangled by a two-headed ogre

Illustrated notes

Levels and vault maps discovered:
D:1:      minmay_arrival_loop, layout_basic
D:2:      layout_basic, dreamdust_ecumenical_altar_statues
D:3:      cheibrodos_old_hovel, layout_basic,
          grunt_temple_overflow_growth_and_decay,
          mainiacjoe_overflow_divided_tiny, uniq_terence, uniq_sigmund
D:4:      layout_rooms, makhleb_altar_promises_db, hangedman_decor_riveting
D:5:      layout_basic, mainiacjoe_overflow_surrounded_room,
          grunt_decor_junction, kennysheep_generic_room_3
D:6:      nicolae_cairo_tiling, layout_gridville, minmay_temple_entry_hall,
          chequers_serial_rivers_marsh
D:7:      layout_basic, zin_treasury, serial_shops, nicolae_shop_dealshenge,
          minmay_misc_feat_plants, serial_bayou_crossing
Temple:   nicolae_temple_bog_church

Skill      XL: |  1  2  3  4  5  6  7  8  9 |
---------------+----------------------------+-----
Spellcasting   | 3 |  3.0
Poison Magic   | 5 6 8 9 11 13 | 13.9
Dodging        | 2 |  2.8
Fighting       | 2 |  2.4
Armour         | 2 |  2.3
Shields        | 2 |  2.9
Invocations    | 2 |  2.0
Stealth        | |  2.4
Transmutations | |  1.1

Action                     |  1- 3 |  4- 6 |  7- 9 || total
---------------------------+-------+-------+-------++-------
  Melee: Flail             |     6 |       |       ||     6
         Dagger            |    33 |    24 |   205 ||   262
         Punch             |     1 |       |     1 ||     2
   Cast: Sting             |    18 |     1 |       ||    19
         Olgreb's Toxic Ra |       |     5 |    23 ||    28
   Stab: Sleeping          |     2 |       |     5 ||     7
 Armour: Robe              |     6 |     4 |    52 ||    62
  Dodge: Dodged            |    16 |    11 |   125 ||   152
  Block: Buckler           |       |       |    30 ||    30

Table legend: (Time is in decaauts)
 A = Elapsed time spent in this place.
 B = Non-inter-level travel time spent in this place.
 C = Inter-level travel time spent in this place.
 D = Time resting spent in this place.
 E = Time spent auto-exploring this place.
 F = Levels seen in this place.
 G = Mean time per level.
                   A        B        C        D        E       F      G
               +--------+--------+--------+--------+--------+-----+--------+
         Total |   4227 |   4085 |    142 |    110 |   3114 |   8 |  528.4 |
       Dungeon |   4196 |   4070 |    126 |    110 |   3114 |   7 |  599.4 |
        Temple |     30 |     15 |     15 |      0 |      0 |   1 |   30.0 |
               +--------+--------+--------+--------+--------+-----+--------+

Top non-repeatable levels by time:
     D:6: 950 daAuts
     D:5: 935 daAuts
     D:3: 663 daAuts
     D:1: 605 daAuts
     D:4: 476 daAuts
     D:2: 473 daAuts
     D:7: 90 daAuts
  Temple: 30 daAuts
